 Dungeon Crawl Stone Soup version 0.28-a0-94-g325244837d (webtiles) character file.

Game seed: 12914988485391816194

979 pokeman the Thaumaturge (level 7, -3/40 HPs)
             Began as a Deep Elf Hedge Wizard on Aug 7, 2021.
             Was a Follower of Vehumet.
             Killed by nerve-wracking pain
             ... invoked by Grinder
              (14 damage)
             ... on level 5 of the Dungeon.
             The game lasted 00:14:26 (6676 turns).

pokeman the Thaumaturge (Deep Elf Hedge Wizard)     Turns: 6676, Time: 00:14:26

Health: -3/40      AC:  4    Str:  7    XL:     7   Next: 96%
Magic:  11/21      EV: 12    Int: 21    God:    Vehumet [*.....]
Gold:   268        SH:  0    Dex: 20    Spells: 0/23 levels left

rFire   . . .      SeeInvis .   m - +2 quarterstaff (chaos)
rCold   . . .      Faith    .   (shield currently unavailable)
rNeg    . . .      Spirit   .   e - +0 leather armour
rPois   .          Reflect  .   c - +0 hat
rElec   .          Harm     .   n - +0 cloak
rCorr   .          Rampage  .   (no gloves)
Will    .....                   (no boots)
Stlth   ++........              (no amulet)
HPRegen 0.13/turn               l - +6 ring of dexterity
MPRegen 0.17/turn               (no ring)

@: no status effects
A: no striking features
a: Renounce Religion


You were on level 5 of the Dungeon.
You worshipped Vehumet.
Vehumet was aware of your devotion.
You visited 1 branch of the dungeon, and saw 5 of its levels.
You also visited: Ossuary.

You collected 441 gold pieces.
You spent 173 gold pieces at shops.

Inventory:

Hand Weapons
 m - a +2 quarterstaff of chaos (weapon)
 t - a +0 shortbow
Missiles
 f - 94 arrows
Armour
 c - a +0 hat (worn)
 e - a +0 leather armour (worn)
 n - a +0 cloak (worn)
 C - a +0 kite shield
Jewellery
 l - a +6 ring of dexterity (left hand)
Wands
 h - a wand of digging (5)
 s - a wand of paralysis (10)
Scrolls
 a - 2 scrolls of acquirement {unknown}
 b - a scroll of teleportation {unknown}
 d - 2 scrolls of noise {unknown}
 i - 9 scrolls of identify {unknown}
 q - 2 scrolls of blinking {unknown}
 v - a scroll of fog {unknown}
 y - a scroll of magic mapping {unknown}
 B - a scroll of vulnerability {unknown}
 E - a scroll of torment {unknown}
Potions
 g - 2 potions of heal wounds {unknown}
 j - 7 potions of curing
 k - a potion of resistance {unknown}
 o - a potion of degeneration {unknown}
 p - 2 potions of brilliance {unknown}
 r - 3 potions of might
 u - a potion of ambrosia {unknown}
 w - a potion of magic {unknown}
 x - 3 potions of mutation {unknown}
 z - a potion of lignification {unknown}
 A - a potion of haste {unknown}
 D - 2 potions of flight {unknown}


   Skills:
 - Level 2.0 Fighting
 - Level 1.0 Armour
 - Level 3.0 Dodging
 - Level 3.0 Stealth
 + Level 1.0 Shields
 * Level 8.8 Spellcasting
 + Level 4.4 Conjurations
 - Level 1.1 Summonings
 - Level 1.1 Translocations
 + Level 3.2 Fire Magic
 - Level 1.0 Air Magic
 - Level 1.0 Poison Magic
 - Level 1.0 Evocations


You couldn't memorise any spells.
You knew the following spells:

 Your Spells              Type           Power      Damage    Failure   Level
a - Magic Dart            Conj           100%       1d8       1%          1
b - Mephitic Cloud        Conj/Pois/Air  18%        N/A       13%         3
c - Call Imp              Summ           13%        N/A       11%         2
d - Blink                 Tloc           N/A        N/A       11%         2
e - Conjure Flame         Conj/Fire      25%        6-21      7%          3
f - Fireball              Conj/Fire      12%        3d7       52%         5
g - Orb of Destruction    Conj           13%        9d6       100%        7

Your spell library contained the following spells:

 Spells                   Type           Power      Damage    Failure   Level
 Sandblast                Erth           18%        2d7       11%         1
 Slow                     Hex            9%         N/A       16%         2
 Gell's Gravitas          Tloc           6%         N/A       21%         3
 Lesser Beckoning         Tloc           6%         N/A       21%         3
 Teleport Other           Tloc           13%        N/A       21%         3
 Confusing Touch          Hex            9%         N/A       32%         3
 Vampiric Draining        Necr           4%         2d6       32%         3
 Iskenderun's Battlesphe  Conj           27%        2d8       43%         5
 Animate Dead             Necr           4%         N/A       71%         4
 Conjure Ball Lightning   Conj/Air       10%        3x3d6     99%         6
 Haunt                    Necr/Summ      5%         N/A       100%        7
 Infestation              Necr           4%         N/A       100%        8


Dungeon Overview and Level Annotations

Branches:
Dungeon (5/15)            Ossuary (visited)
 Temple: D:4-7

Altars:
Vehumet
Xom

Shops:
D:1 !   D:2 *

Annotations:
D:5 Grinder


Message History

The gnoll is engulfed in noxious fumes.
The gnoll appears confused.
The gnoll is engulfed in noxious fumes.
The gnoll appears confused.
Unknown command.
Unknown command.
You hit the gnoll.
The gnoll is poisoned.
The gnoll is lightly wounded.
The gnoll hits you with a +0 spear.
The gnoll is engulfed in noxious fumes.
The gnoll appears confused.
You strike the helpless gnoll from behind!
You sock the gnoll!
The gnoll looks as sick as possible!
The gnoll is almost dead.
You kill the gnoll!
Vehumet accepts your kill.
You catch the helpless gnoll completely off-guard!
You hit the gnoll.
The gnoll suddenly seems more agile.
The gnoll is lightly wounded.
Grinder comes into view.
Grinder gestures at you.
You suddenly lose the ability to move!
The gnoll hits you with a +0 club!
You can move again.
Unknown command.
Grinder completely misses you.
The gnoll closely misses Grinder.
The gnoll hits itself with a +0 club!
Grinder gestures at you. You resist with some effort. Grinder gestures at you.
You suddenly lose the ability to move!
The gnoll barely misses Grinder.
Grinder gestures at you.
You shrug off the repeated paralysis!
You can move again.
There is an open door here.
Unknown command.
Grinder gestures at you. Pain shoots through your body!
* * * LOW HITPOINT WARNING * * *
Grinder gestures at you. Pain shoots through your body!
You die...

#....................
#....................
#......##............
#.#######............
#....<.#.............
#......#.............
#......#.............
#...[..##....##..####
##..@..##....##..#### ##
#................... #....
+..............).... #....
#.....##.......)....
#....##'######.......)....
#......5....#........)....
#....##g....#.......).##..
##...##.....#.........####
#....#......#..........#.)


You could see Grinder and a gnoll (agile, confused).

Vanquished Creatures
  A centaur (D:4)
  A necrophage (D:5)
  A phantom (D:5)
  A wyvern zombie (D:5)
  2 bullfrog zombies (D:5)
  A centaur zombie (D:5)
  2 jellies
  2 hounds
  Crazy Yiuf (D:2)
  An iguana (D:4)
  An orc wizard (D:5)
  A hound skeleton (D:3)
  8 mummies (Ossuary)
  10 adders
  2 gnolls (D:5)
  A worm (D:2)
  3 dart slugs
  6 orcs
  6 ball pythons
  3 bats (D:1)
  9 endoplasms
  4 giant cockroaches
  2 gnoll zombies (Ossuary)
  2 goblins
  7 hobgoblins
  2 jackals (D:1)
  A quokka (D:2)
  4 frilled lizards
  2 hobgoblin zombies (Ossuary)
  7 kobolds
  A kobold zombie (Ossuary)
  3 orc zombies (Ossuary)
  5 rats
103 creatures vanquished.

Vanquished Creatures (collateral kills)
  Sigmund (D:2)
  A worm (D:2)
  A goblin (D:2)
  A frilled lizard (D:2)
4 creatures vanquished.

Grand Total: 107 creatures vanquished

Notes
Turn   | Place    | Note
-------+----------+-------------------------------------------
     0 | D:1      | pokeman the Deep Elf Hedge Wizard began the quest for the
                  | Orb.
     0 | D:1      | Reached XP level 1. HP: 10/10 MP: 7/7
   245 | D:1      | Reached XP level 2. HP: 15/15 MP: 5/9
   563 | D:1      | Reached skill level 5 in Spellcasting
   943 | D:1      | Reached XP level 3. HP: 20/20 MP: 8/11
   971 | D:1      | Learned a level 3 spell: Mephitic Cloud
   974 | D:1      | Learned a level 2 spell: Call Imp
   977 | D:1      | Learned a level 2 spell: Blink
   981 | D:1      | Learned a level 3 spell: Conjure Flame
  1138 | D:1      | Found Xiupp's Distillery.
  1457 | D:2      | Found a faded altar of an unknown god.
  1535 | D:2      | Reached skill level 1 in Fighting
  1654 | D:2      | Reached skill level 1 in Armour
  1829 | D:2      | Found a runed translucent door.
  1830 | D:2      | Noticed Crazy Yiuf
  1854 | D:2      | Noticed Sigmund
  1876 | D:2      | Killed Sigmund
  1877 | D:2      | Reached skill level 6 in Spellcasting
  1877 | D:2      | Reached skill level 1 in Fire Magic
  1877 | D:2      | Reached XP level 4. HP: 8/25 MP: 2/14
  1877 | D:2      | Reached XP level 5. HP: 9/29 MP: 2/15
  2352 | D:2      | Found Muwk's Assorted Antiques.
  2407 | D:1      | Bought a potion of curing for 33 gold pieces
  3147 | D:2      | Killed Crazy Yiuf
  3248 | D:3      | Reached skill level 1 in Air Magic
  3326 | D:1      | Bought a potion of curing for 33 gold pieces
  3691 | D:3      | Reached XP level 6. HP: 30/34 MP: 10/17
  3743 | D:3      | Found a large runed translucent door.
  3755 | D:3      | Found a large runed translucent door.
  4092 | D:3      | Found a radiant altar of Vehumet.
  4098 | D:3      | Became a worshipper of Vehumet
  4117 | D:3      | Found a shimmering altar of Xom.
  4190 | D:2      | Bought a scroll labelled MYH MALINO for 22 gold pieces
  4190 | D:2      | Bought a scroll labelled VYODAI EPRO for 22 gold pieces
  4424 | D:4      | Reached skill level 1 in Poison Magic
  4424 | D:4      | Reached skill level 1 in Evocations
  4437 | D:4      | Reached skill level 7 in Spellcasting
  4449 | D:4      | Found a sand-covered staircase.
  4461 | Ossuary  | Entered an ossuary
  5126 | Ossuary  | Reached XP level 7. HP: 38/38 MP: 13/20
  5372 | D:4      | Reached * piety under Vehumet
  5372 | D:4      | Offered knowledge of Sandblast by Vehumet.
  5688 | D:2      | Bought a yellow potion for 19 gold pieces
  5688 | D:2      | Bought a scroll labelled MYH MALINO for 22 gold pieces
  5688 | D:2      | Bought a scroll labelled VYODAI EPRO for 22 gold pieces
  5742 | D:5      | Entered Level 5 of the Dungeon
  5803 | D:5      | Reached skill level 8 in Spellcasting
  6066 | D:5      | Learned a level 5 spell: Fireball
  6312 | D:5      | Reached skill level 1 in Shields
  6586 | D:5      | Learned a level 7 spell: Orb of Destruction
  6664 | D:5      | Noticed Grinder
  6665 | D:5      | Paralysed by Grinder for 2 turns
  6671 | D:5      | Paralysed by Grinder for 2 turns
  6676 | D:5      | Killed from afar by Grinder

Illustrated notes

Levels and vault maps discovered:
D:1:      co_arrival_square_in_a_square_in_a_square, layout_basic, serial_shops,
          nicolae_shop_waterfront
D:2:      layout_basic, hellmonk_ecumenical_altar_crossroads, serial_shops,
          shop, hangedman_decor_clover_reticule, corner_web_ring,
          minmay_misc_feat_rugged, minmay_indecisive_spiral, uniq_sigmund,
          uniq_crazy_yiuf_cottage
D:3:      layout_loops_ring, jmf_multi_god_temple2
D:4:      layout_basic, lightli_ossuary_entry_decrepit_ruins
D:5:      layout_gridville, uniq_grinder

Skill      XL: |  1  2  3  4  5  6  7 |
---------------+----------------------+-----
Spellcasting   | 5 6 7 8 |  8.8
Fighting       | 1 2 |  2.0
Armour         | 1 |  1.0
Dodging        | 3 |  3.0
Conjurations   | 2 3 4 |  4.4
Fire Magic     | 1 2 3 |  3.2
Stealth        | 3 |  3.0
Air Magic      | 1 |  1.0
Poison Magic   | 1 |  1.0
Evocations     | 1 |  1.0
Shields        | 1 |  1.0
Summonings     | |  1.1
Translocations | |  1.1

Action                   |  1- 3 |  4- 6 |  7- 9 || total
-------------------------+-------+-------+-------++-------
Melee: Dagger            |     6 |     7 |       ||    13
       Quarterstaff      |       |    15 |    16 ||    31
 Cast: Magic Dart        |    91 |   169 |    43 ||   303
       Call Imp          |     2 |     2 |     4 ||     8
       Mephitic Cloud    |     1 |     3 |     5 ||     9
       Conjure Flame     |       |     3 |     5 ||     8
       Blink             |       |       |     1 ||     1
 Stab: Confused          |       |     3 |     2 ||     5
Armor: Robe              |     1 |       |       ||     1
       Leather armour    |     6 |     6 |     8 ||    20
Dodge: Dodged            |    10 |    30 |    19 ||    59

Table legend: (Time is in decaauts)
 A = Elapsed time spent in this place.
 B = Non-inter-level travel time spent in this place.
 C = Inter-level travel time spent in this place.
 D = Time resting spent in this place.
 E = Time spent auto-exploring this place.
 F = Levels seen in this place.
 G = Mean time per level.
                   A        B        C        D        E       F      G
               +--------+--------+--------+--------+--------+-----+--------+
         Total |   6691 |   6241 |    450 |    121 |   5112 |   6 | 1115.2 |
       Dungeon |   5917 |   5467 |    450 |    110 |   4505 |   5 | 1183.4 |
       Ossuary |    774 |    774 |      0 |     11 |    607 |   1 |  774.0 |
               +--------+--------+--------+--------+--------+-----+--------+

Top non-repeatable levels by time:
     D:2: 1949 daAuts
     D:1: 1434 daAuts
     D:3: 985 daAuts
     D:5: 938 daAuts
 Ossuary: 774 daAuts
     D:4: 610 daAuts
